 Dungeon Crawl Stone Soup version 0.21-a0-271-ge7f0487 (webtiles) character file.

316 Lavandula the Ruffian (level 6, -2/48 HPs)
             Began as a Ghoul Warper on Sept 15, 2017.
             Slain by an iguana (10 damage)
             ... on level 6 of the Dungeon.
             The game lasted 00:07:22 (966 turns).

Lavandula the Ruffian (Ghoul Warper)                 Turns: 966, Time: 00:07:24

Health: -2/48      AC:  3    Str: 16    XL:     6   Next: 44%
Magic:  4/7        EV: 11    Int:  8    God:
Gold:   92         SH:  0    Dex:  9    Spells: 4/8 levels left

rFire    + . .     SeeInvis .     - Unarmed
rCold    + . .     Gourm    .   (no shield)
rNeg     + + +     Faith    .   n - +0 leather armour {rF+}
rPois    ∞         Spirit   .   (no helmet)
rElec    .         Reflect  .   (no cloak)
rCorr    .         Harm     .   (no gloves)
MR       .....                  (no boots)
Stlth    +.........             o - amulet of rage
HPRegen  0.00/turn              (no ring)
MPRegen  0.10/turn              (no ring)

@: very slightly contaminated, rotting
A: rotting body, claws 1, carnivore 3, cold resistance 1, negative energy
resistance 3, inhibited regeneration, torment resistance, unbreathing
a: no special abilities


You were on level 6 of the Dungeon.
You were not hungry.

You visited 1 branch of the dungeon, and saw 6 of its levels.

You collected 92 gold pieces.

Inventory:

Missiles
 d - 5 tomahawks of dispersal (quivered)
 r - 3 throwing nets
Armour
 g - a +0 chain mail
 n - a +0 leather armour of fire resistance (worn)
Jewellery
 o - an amulet of rage (around neck)
Scrolls
 c - a scroll of blinking
 j - a scroll of identify {unknown}
 k - a scroll of magic mapping {unknown}
 m - 2 scrolls of teleportation {unknown}
 p - a scroll of recharging {unknown}
Potions
 a - a potion of brilliance {unknown}
 e - 2 potions of curing {unknown}
 i - a potion of mutation {unknown}
 l - a potion of haste {unknown}
 q - a potion of lignification {unknown}
Books
 b - a book of Spatial Translocations

   Spells                             Type                      Level
   a - Blink                          Translocation                2
   b - Shroud of Golubria             Charms/Translocation         2
   c - Lesser Beckoning               Translocation                3
   d - Gell's Gravitas                Translocation                3
   e - Teleport Other                 Translocation                3
   f - Passage of Golubria            Translocation                4
Comestibles
 f - 2 meat rations
 h - 5 chunks of flesh


   Skills:
 - Level 2.1 Fighting
 - Level 0.8 Throwing
 - Level 0.8 Armour
 - Level 1.7 Dodging
 + Level 7.3 Unarmed Combat
 - Level 1.7 Spellcasting
 - Level 2.6 Translocations


You had 4 spell levels left.
You knew the following spells:

 Your Spells              Type           Power        Failure   Level  Hunger
a - Blink                 Tloc           N/A          22%         2    ###....
b - Shroud of Golubria    Chrm/Tloc      #.........   36%         2    ###....


Dungeon Overview and Level Annotations

Branches:
Dungeon (6/15)
 Temple: D:4-7

Altars:
Gozag
Makhleb

Annotations:
D:5 Sigmund


Innate Abilities, Weirdness & Mutations

Your body is rotting away.
You thrive on raw meat.
You are immune to poison.
You have sharp fingernails.
You are carnivorous and can eat meat at any time.
Your flesh is cold resistant. (rC+)
You are immune to negative energy. (rN+++)
You do not regenerate when monsters are visible.
You are immune to unholy pain and torment.
You can survive without breathing.


Message History

The iguana is severely wounded.
The iguana bites you but does no damage.
The ice beast misses you.
You barely miss the iguana.
The iguana is severely wounded.
The iguana barely misses you. The ice beast hits you.
The ice beast freezes you. You resist.
* * * LOW HITPOINT WARNING * * *
Casting: Shroud of Golubria
Confirm with . or Enter, or press ? or * to list all spells.
You miscast Blink.
You are very lightly contaminated with residual magic.
The air around you crackles with energy!
The iguana bites you!
* * * LOW HITPOINT WARNING * * *
The ice beast closely misses you.
Eat one of 6 chunks of flesh? (ye/n/q)
You eat one of the 6 chunks of flesh.
This raw flesh tastes great!
The iguana bites you!
You die...

# # .l..Z..
.#.##. .......
......##..$....
#.Z....<.....#
..#####......#
#Z##.#.# #Zl# #
##Y# #@# #l#
#Z. ..c. ###..
.. ....
.......##
..#..... #
#.#....#.#


You could see an ice beast, a centaur, an iguana, 2 adder zombies, a jackal
zombie and a leopard gecko.

Vanquished Creatures
  2 ogres
  2 worker ants (D:4)
  4 gnolls (D:5)
  2 shadow imps (D:5)
  2 worms (D:3)
  A dart slug (D:3)
  2 orcs
  A ball python (D:3)
  3 giant cockroaches
  3 goblins
  3 hobgoblins (D:1)
  7 jackals
  3 kobolds
  4 bats
  5 frilled lizards
  A jackal zombie (D:5)
  A rat (D:3)
46 creatures vanquished.

Notes
Turn   | Place    | Note
-------+----------+-------------------------------------------
     0 | D:1      | Lavandula the Ghoul Warper began the quest for the Orb.
     0 | D:1      | Reached XP level 1. HP: 17/17 MP: 2/2
    79 | D:1      | Reached XP level 2. HP: 24/24 MP: 3/3
    82 | D:1      | Reached skill level 3 in Unarmed Combat
   158 | D:1      | Learned a level 2 spell: Blink
   161 | D:1      | Learned a level 2 spell: Shroud of Golubria
   234 | D:3      | Reached XP level 3. HP: 20/29 MP: 1/4
   326 | D:3      | Noticed an ogre
   336 | D:3      | Killed an ogre
   336 | D:3      | Reached skill level 5 in Unarmed Combat
   336 | D:3      | Reached XP level 4. HP: 36/36 MP: 0/5
   353 | D:3      | Found a burning altar of Makhleb.
   407 | D:3      | Reached XP level 5. HP: 41/41 MP: 6/6
   536 | D:4      | Noticed an ogre
   552 | D:4      | Killed an ogre
   552 | D:4      | Reached skill level 6 in Unarmed Combat
   552 | D:4      | Reached XP level 6. HP: 30/48 MP: 1/7
   597 | D:4      | Found an opulent altar of Gozag.
   616 | D:5      | Entered Level 5 of the Dungeon
   678 | D:5      | Reached skill level 7 in Unarmed Combat
   759 | D:6      | Noticed an ice beast
   864 | D:5      | Noticed Sigmund
   895 | D:6      | Noticed an orc warrior
   965 | D:6      | HP: 2/48 [iguana (11)]
   966 | D:6      | Slain by an iguana

Vault maps used:
D:1:      doesnt_arrival_eight_statues, st_stairs_7, minmay_stone_trees_small
D:2:      kennysheep_the_goblin_king, elyvilon_altar_4
D:3:      lemuel_doored_altar, st_stairs_14, hangedman_abyss_or_decor_stabs,
          serial_bayou_lagoon_a, minmay_ruptured
D:4:      grunt_gozag_statues, lemuel_temple_firewalk_b
D:5:      lemuel_crystal_altar, lemuel_crystal_altar, yredelemnul_altar_generic,
          first_bread, uniq_eustachio, uniq_sigmund
D:6:      kennysheep_little_box, serial_undead, serial_undead_d,
          serial_undead_a, serial_undead_a, serial_undead_e, serial_undead_c,
          serial_undead_c, serial_shops, nicolae_shop_window_shopping,
          kennysheep_pointless_box, grunt_decor_fettered

Skill      XL: |  1  2  3  4  5  6 |
---------------+-------------------+-----
Unarmed Combat | 3 5 6 7 |  7.3
Fighting       | |  2.1
Throwing       | |  0.8
Armour         | |  0.8
Dodging        | |  1.7
Spellcasting   | |  1.7
Translocations | |  2.6

Action                   |  1- 3 |  4- 6 || total
-------------------------+-------+-------++-------
Melee: Unarmed           |    82 |   102 ||   184
       Punch             |     1 |     4 ||     5
 Cast: Shroud of Golubri |     2 |     3 ||     5
       Blink             |       |     2 ||     2
  Eat: Chunk             |     9 |    22 ||    31
Armor: Leather armour    |    27 |    15 ||    42
Dodge: Dodged            |    46 |    51 ||    97

Table legend:
 A = Spawn XP
 B = Non-spawn XP
 C = Spawn XP percentage of total XP
 D = Spawn monster count
 E = Non-spawn monster count
 F = Spawn count percentage of total count
 G = Total turns spent on level
                    A         B        C        D         E        F      G
               +---------+---------+-------+---------+---------+-------+---------
         Total |       0 |     452 |   0.0 |       0 |      46 |   0.0 |   966
               +---------+---------+-------+---------+---------+-------+---------
           D:1 |       0 |      23 |   0.0 |       0 |      14 |   0.0 |   175
           D:2 |       0 |       7 |   0.0 |       0 |       4 |   0.0 |    56
           D:3 |       0 |     148 |   0.0 |       0 |      12 |   0.0 |   284
           D:4 |       0 |     181 |   0.0 |       0 |       3 |   0.0 |   101
           D:5 |       0 |      93 |   0.0 |       0 |      13 |   0.0 |   310
               +---------+---------+-------+---------+---------+-------+---------
